 Dungeon Crawl Stone Soup version 0.22.1-5-g62c59d919a (webtiles) character file.

617 Vifid the Magician (level 7, -5/43 HPs)
             Began as an Octopode Transmuter on Jan 13, 2019.
             Slain by a gnoll
             ... wielding a +2 halberd of chopping
              (17 damage)
             ... on level 4 of the Dungeon.
             The game lasted 00:11:14 (3066 turns).

Vifid the Magician (Octopode Transmuter)            Turns: 3066, Time: 00:11:15

Health: -5/43      AC:  2    Str:  9    XL:     7   Next: 45%
Magic:  13/14      EV: 20    Int: 18    God:
Gold:   207        SH:  0    Dex: 17    Spells: 6/16 levels left

rFire    . . .     SeeInvis .     - Unarmed
rCold    . . .     Gourm    .   (shield currently unavailable)
rNeg     . . .     Faith    .   (helmet currently unavailable)
rPois    x         Spirit   .   i - amulet of regeneration
rElec    .         Reflect  .   k - ring of wizardry
rCorr    .         Harm     .   (no ring)
MR       .....                  (no ring)
Stlth    ++........             (no ring)
HPRegen  0.54/turn              (no ring)
MPRegen  0.14/turn              (no ring)
                                (no ring)
                                (no ring)

@: spider-form (expiring)
A: tiny, almost no armour, stealthy swim, (amphibious), 8 rings, (constrict 8)
a: End Transformation


You were on level 4 of the Dungeon.
You were not hungry.
You were a venomous arachnid creature.
You visited 1 branch of the dungeon, and saw 4 of its levels.

You collected 207 gold pieces.

Inventory:

Hand Weapons
 p - a +3 flail of protection
 r - a +2 mace of holy wrath
Missiles
 a - 12 arrows
Jewellery
 i - an amulet of regeneration (around neck)
 k - a ring of wizardry (left front leg)
 q - an uncursed ring of protection from fire {unknown}
Scrolls
 d - 4 scrolls of identify {unknown}
 f - 4 scrolls of teleportation {unknown}
 n - a scroll of enchant armour {unknown}
 o - a scroll of fear {unknown}
 s - a scroll of remove curse {unknown}
Potions
 e - a potion of mutation {unknown}
 g - a potion of might {unknown}
 h - a potion of ambrosia {unknown}
 j - 2 potions of heal wounds {unknown}
 l - 2 potions of lignification {unknown}
 m - a potion of curing
 t - 2 potions of invisibility {unknown}
Comestibles
 c - 8 rations


   Skills:
 - Level 1.5 Fighting
 - Level 2.3 Dodging
 - Level 3.2 Unarmed Combat
 * Level 5.0 Spellcasting
 + Level 4.0 Transmutations
 + Level 2.0 Ice Magic
 + Level 3.8 Poison Magic


You had 6 spell levels left.
You knew the following spells:

 Your Spells              Type           Power        Failure   Level  Hunger
a - Beastly Appendage     Tmut           ###...       4%          1    None
b - Sticks to Snakes      Tmut           ###.....     4%          2    #......
c - Spider Form           Tmut/Pois      ###.......   9%          3    ##.....
d - Ice Form              Ice/Tmut       ###.....     28%         4    ####...

Your spell library contained the following spells:

 Spells                   Type           Power        Failure   Level  Hunger
 Blade Hands              Tmut           ###.......   43%         5    ######.


Dungeon Overview and Level Annotations

Branches:
Dungeon (4/15)
 Temple: D:4-7

Altars:
Cheibriados
Gozag
Vehumet
Yredelemnul
The Shining One

Annotations:
D:3 1 runed door


Innate Abilities, Weirdness & Mutations

You cannot wear most types of armour.
You are very stealthy in the water. (Stealth+)
((You are amphibious.))
You can wear up to eight rings at the same time.
((You can use your tentacles to constrict eight enemies at once.))
((Your skin changes colour to match your surroundings (Stealth+).))
((Your rubbery body absorbs attacks. (AC +1, EV +1)))


Message History

The gnoll is almost dead.
You kill the gnoll!
Your Spellcasting skill increases to level 5!
The gnoll hits you from afar with a halberd of chopping!
The gnoll hits you with a halberd of chopping!
* * * LOW HITPOINT WARNING * * *
x2
Things that are here:
a flail; a throwing net; a gnoll corpse You barely miss the gnoll.
Your transformation is almost over.
The gnoll completely misses you.
You hit the gnoll.
The gnoll is heavily wounded.
You closely miss the gnoll.
The gnoll is heavily wounded.
The gnoll closely misses you.
You hit the gnoll but do no damage.
The gnoll is moderately wounded.
The gnoll hits you with a halberd of chopping!
You die...

#.##
#######.#
#..#
#.......#
##.#
#.#######
#.# #.# #.#
#.# #.# #.#
#.# #.# #)#
#.#### #s#
#.##.## ##
#g#
#.##..## #.
#..
####...####
#..#
###....###
#...
##.#..#....
#.#.#
#._..######
#.#.#
##.#..#....
#.#.#
###....###
#...##


You could see a gnoll.

Vanquished Creatures
  Edmund (D:4)
  An ogre (D:3)
  A bullfrog (D:2)
  A hound (D:2)
  3 orc wizards
  An orc priest (D:4)
  A worker ant (D:4)
  3 gnolls (D:4)
  5 adders
  3 worms
  6 dart slugs
  2 leopard geckos
  9 orcs
  12 bats
  2 giant cockroaches (D:1)
  10 hobgoblins
  2 jackals (D:1)
  4 quokkas
  A ball python (D:1)
  8 frilled lizards
  2 goblins (D:2)
  A goblin skeleton (D:3)
  11 kobolds
  A quokka skeleton (D:4)
  8 rats
99 creatures vanquished.

Notes
Turn   | Place    | Note
-------+----------+-------------------------------------------
     0 | D:1      | Vifid the Octopode Transmuter began the quest for the Orb.
     0 | D:1      | Reached XP level 1. HP: 13/13 MP: 3/3
   335 | D:1      | Reached XP level 2. HP: 18/18 MP: 5/5
   397 | D:1      | Learned a level 2 spell: Sticks to Snakes
   619 | D:1      | Reached XP level 3. HP: 23/23 MP: 6/6
   667 | D:1      | Learned a level 3 spell: Spider Form
  1005 | D:2      | Found an opulent altar of Gozag.
  1240 | D:2      | Reached XP level 4. HP: 20/28 MP: 6/8
  1242 | D:2      | Reached skill level 1 in Poison Magic
  1408 | D:2      | Reached skill level 3 in Spellcasting
  1546 | D:2      | Noticed a bullfrog
  1559 | D:2      | Killed a bullfrog
  1559 | D:2      | Reached XP level 5. HP: 27/33 MP: 5/10
  1681 | D:3      | Found a radiant altar of Vehumet.
  1782 | D:3      | Reached XP level 6. HP: 23/38 MP: 9/11
  1818 | D:3      | Learned a level 4 spell: Ice Form
  1829 | D:3      | Reached skill level 4 in Spellcasting
  2061 | D:3      | Found a snail-covered altar of Cheibriados.
  2080 | D:3      | Reached skill level 1 in Ice Magic
  2090 | D:3      | Found a runed door.
  2090 | D:3      | Noticed a human
  2094 | D:3      | Found a basalt altar of Yredelemnul.
  2386 | D:4      | Noticed Edmund
  2408 | D:4      | Killed Edmund
  2408 | D:4      | Reached XP level 7. HP: 16/43 MP: 11/14
  2694 | D:4      | Found a glowing golden altar of the Shining One.
  3061 | D:4      | Reached skill level 5 in Spellcasting
  3066 | D:4      | Slain by a gnoll

Skill      XL: |  1  2  3  4  5  6  7 |
---------------+----------------------+-----
Poison Magic   | 2 3 |  3.8
Spellcasting   | 3 4 5 |  5.0
Transmutations | 3 4 |  4.0
Ice Magic      | 1 2 |  2.0
Fighting       | |  1.5
Dodging        | |  2.3
Unarmed Combat | |  3.2

Action                   |  1- 3 |  4- 6 |  7- 9 || total
-------------------------+-------+-------+-------++-------
Melee: Unarmed           |    89 |   153 |    51 ||   293
       Constrict         |    30 |    33 |     7 ||    70
       Tentacles         |    12 |    11 |     5 ||    28
       Kick              |     8 |    17 |     6 ||    31
       Punch             |     1 |       |       ||     1
 Cast: Beastly Appendage |     9 |    12 |     3 ||    24
       Spider Form       |       |     4 |     2 ||     6
  Use: Potion            |       |       |     1 ||     1
 Stab: Sleeping          |     5 |     4 |     2 ||    11
       Distracted        |       |     1 |       ||     1
  Eat: Chunk             |     1 |     4 |     3 ||     8
Armor: Skin              |     8 |     9 |     2 ||    19
Dodge: Dodged            |    72 |    97 |    19 ||   188
